 Dungeon Crawl Stone Soup version 0.27.0-1-g7a089689b8 (webtiles) character file.

Game seed: 6324338450204889469

32 shakesphere1979 the Firebug (level 3, -1/20 HPs)
             Began as a Gargoyle Fire Elementalist on July 31, 2021.
             Slain by Jessica (4 damage)
             ... on level 2 of the Dungeon.
             The game lasted 00:03:50 (1926 turns).

shakesphere1979 the Firebug (GrFE)                  Turns: 1926, Time: 00:03:50

Health: -1/20      AC:  6    Str: 11    XL:     3   Next: 27%
Magic:  1/6        EV: 12    Int: 16    God:
Gold:   63         SH:  0    Dex: 10    Spells: 5/6 levels left

rFire    . . .     SeeInvis .   h - +0 hand axe
rCold    . . .     Faith    .   (no shield)
rNeg     + . .     Spirit   .   a - +0 robe
rPois    ∞         Reflect  .   (no helmet)
rElec    +         Harm     .   (no cloak)
rCorr    .         Rampage  .   b - +0 pair of gloves
Will     .....                  (no boots)
Stlth    ++........             (no amulet)
HPRegen  0.06/turn              (no ring)
MPRegen  0.10/turn              (no ring)

@: no status effects
A: sickness immunity, AC +3, negative energy resistance 1, electricity
resistance, torment resistance 1, petrification resistance
a: no special abilities


You were on level 2 of the Dungeon.
You visited 1 branch of the dungeon, and saw 2 of its levels.

You collected 63 gold pieces.

Inventory:

Hand Weapons
 h - a +0 hand axe (weapon)
Missiles
 e - 85 stones
Armour
 a - a +0 robe (worn)
 b - a +0 pair of gloves (worn)
Scrolls
 f - a scroll of holy word {unknown}
 g - a scroll of vulnerability {unknown}
 i - a scroll of blinking {unknown}
Potions
 c - a potion of haste {unknown}
 d - a potion of curing {unknown}


   Skills:
 * Level 1.4 Fighting
 + Level 0.1 Axes
 + Level 1.7 Dodging
 + Level 2.2 Stealth
 + Level 0.2 Unarmed Combat
 + Level 2.1 Spellcasting
 + Level 1.1 Conjurations
 + Level 3.5 Fire Magic


You had 5 spell levels left.
You knew the following spells:

 Your Spells              Type           Power      Damage    Failure   Level
a - Foxfire               Conj/Fire      36%        2x1d5     8%          1

Your spell library contained the following spells:

 Spells                   Type           Power      Damage    Failure   Level
 Conjure Flame            Conj/Fire      9%         6-21      24%         3
 Inner Flame              Hex/Fire       7%         N/A       30%         3
 Sticky Flame             Conj/Fire      9%         2d3       61%         4
 Fireball                 Conj/Fire      4%         3d4       91%         5


Dungeon Overview and Level Annotations

Branches:
Dungeon (2/15)

Altars:

Annotations:
D:2 Jessica


Innate Abilities, Weirdness & Mutations

You are immune to sickness and miasma.
Your stone body is resilient. (AC +3)
You are immune to poison.
You resist negative energy. (rN+)
You are resistant to electric shocks. (rElec)
You are resistant to unholy torment.
You are immune to petrification.


Message History

The foxfire hits the adder but does no damage.
The adder is heavily wounded.
The foxfire hits the adder.
The adder is severely wounded.
The adder bites you.
Casting: Foxfire (safe; 8% risk of failure)
Confirm with . or Enter, or press ? or * to list all spells.
You conjure some foxfire!
The adder bites you but does no damage.
The foxfire hits Jessica but does no damage.
Jessica is severely wounded.
The adder bites you but does no damage.
The foxfire hits the adder.
The adder is severely wounded.
The adder bites you.
Casting: Foxfire (safe; 8% risk of failure)
Confirm with . or Enter, or press ? or * to list all spells.
You conjure some foxfire!
The adder bites you. Jessica completely misses you.
The foxfire hits the adder.
The adder is severely wounded.
The foxfire hits Jessica but does no damage.
Jessica is severely wounded.
The adder barely misses you. Jessica hits you with a +5 club.
* * * LOW HITPOINT WARNING * * *
The adder bites you but does no damage.
Your magical contamination has completely faded away.
Jessica gestures at you while chanting.
You barely resist. The adder bites you but does no damage.
A rat comes into view.
Jessica shouts, "I don't like beings like you!"
The adder closely misses you.
Jessica mumbles some strange words.
Jessica seems to speed up.
You miss the adder.
The adder is severely wounded.
The adder barely misses you. The adder bites you.
* * * LOW HITPOINT WARNING * * *
You hit the adder.
You kill the adder!
Jessica hits you with a +5 club.
You die...

##### ##### #.......#
....###... #######@##....
#..#..## .............. #
#......## #######.##....
...###.......### #######>#
...
#...<.....#...#####.....@.#
..
#####................#######
.
.....##############........
....... ...r...@@...†.......
############################


You could see Jessica (fast) and a rat (asleep).

Vanquished Creatures
  An adder (D:2)
  A dart slug (D:1)
  3 bats (D:1)
  2 endoplasms (D:1)
  2 giant cockroaches (D:1)
  6 jackals (D:1)
  3 kobolds (D:1)
  3 quokkas (D:1)
  A ball python (D:1)
  A frilled lizard (D:1)
  2 goblins (D:1)
  A rat (D:2)
26 creatures vanquished.

Vanquished Creatures (others)
  64 foxfires
64 creatures vanquished.

Grand Total: 90 creatures vanquished

Notes
Turn   | Place    | Note
-------+----------+-------------------------------------------
     0 | D:1      | shakesphere1979 the Gargoyle Fire Elementalist began the
                  | quest for the Orb.
     0 | D:1      | Reached XP level 1. HP: 10/10 MP: 3/3
   531 | D:1      | Reached skill level 1 in Fighting
   531 | D:1      | Reached XP level 2. HP: 5/16 MP: 0/5
  1198 | D:1      | Reached XP level 3. HP: 15/20 MP: 1/6
  1896 | D:2      | Noticed Jessica
  1926 | D:2      | Slain by Jessica

Illustrated notes

Levels and vault maps discovered:
D:1:      saegor_arrival_simple_e, layout_loops_corners
D:2:      layout_rooms, serial_curves, eino_curves_01, eino_curves_03,
          eino_curves_04, chequers_serial_rivers_micro_b, uniq_terence,
          uniq_natasha, uniq_jessica

Skill      XL: |  1 |
---------------+----+-----
Fighting       | 1 |  1.4
Axes           | |  0.1
Dodging        | |  1.7
Stealth        | |  2.2
Unarmed Combat | |  0.2
Spellcasting   | |  2.1
Conjurations   | |  1.1
Fire Magic     | |  3.5

Action                   || total
-------------------------++-------
Melee: Unarmed           ||    13
       Hand axe          ||    26
 Cast: Foxfire           ||    37
 Stab: Sleeping          ||     3
Armor: Robe              ||    47
Dodge: Dodged            ||    66
